MID
BOWLING GREEN HOT RODS @ WEST MICHIGAN WHITECAPS
06/06/2046
 
TOP OF THE 1ST
Bowling Green Hot Rods batting - Pitching for West Michigan Whitecaps : RHP Jorge Castaneda
Pitching: RHP Jorge Castaneda
Batting: RHB Chris Thorson 0-0: Ball
1-0: Ball
2-0: Ball
3-0: Base on Balls
Batting: LHB Harris Vink 0-0: Swinging Strike
0-1: Ball
1-1: Ball
Chris Thorson steals 2nd base
2-1: Swinging Strike
2-2: Strikes out looking
Batting: LHB Darryl Gonnella 0-0: Ground out 4-3 (Groundball, 4M, EV 85.6 MPH)
Chris Thorson to third
Batting: RHB Sesto Carpini 0-0: Ground out 3-1 (Groundball, 34S, EV 78.1 MPH)
Top of the 1st over - 0 runs, 0 hits, 0 errors, 1 left on base; Bowling Green 0 - West Michigan 0
BOTTOM OF THE 1ST
West Michigan Whitecaps batting - Pitching for Bowling Green Hot Rods : LHP Chris Polite
Pitching: LHP Chris Polite
Batting: RHB Brandon O'Malley 0-0: Ball
1-0: Called Strike
1-1: Ground out 6-3 (Groundball, 56D, EV 87.5 MPH)
Batting: SHB Willie Medina 0-0: Ball
1-0: Called Strike
1-1: Ground out 5-3 (Groundball, 5, EV 103.8 MPH)
Batting: RHB Jon Goldstein 0-0: Ball
1-0: Ball
2-0: Called Strike
2-1: Called Strike
2-2: Ball
3-2: Fly out, F9 (Line Drive, 89M, EV 101.9 MPH)
Bottom of the 1st over - 0 runs, 0 hits, 0 errors, 0 left on base; Bowling Green 0 - West Michigan 0
TOP OF THE 2ND
Bowling Green Hot Rods batting - Pitching for West Michigan Whitecaps : RHP Jorge Castaneda
Batting: RHB Adam Kaeser 0-0: Ball
1-0: Ball
2-0: Called Strike
2-1: Swinging Strike
2-2: Ball
3-2: Strikes out looking
Batting: RHB Eric Waugaman 0-0: Fly out, F8 (Flyball, 89D, EV 105.0 MPH)
Batting: LHB Jeremy Burton 0-0: Ball
1-0: Ground out 4-3 (Groundball, 34, EV 100.6 MPH)
Top of the 2nd over - 0 runs, 0 hits, 0 errors, 0 left on base; Bowling Green 0 - West Michigan 0
BOTTOM OF THE 2ND
West Michigan Whitecaps batting - Pitching for Bowling Green Hot Rods : LHP Chris Polite
Batting: LHB George Moran 0-0: Ball
1-0: Reached on error, E4 (Groundball, 4, EV 80.6 MPH)
Batting: RHB Mike Sebastian 0-0: Ground out 5-3 (Groundball, 5, EV 100.0 MPH)
Batting: SHB Chris Wagler 0-0: Ball
1-0: Ball
Wild Pitch!
George Moran to third
2-0: Called Strike
2-1: Ball
3-1: Called Strike
3-2: Base on Balls
Batting: RHB Jamie Villagrana 0-0: Ball
1-0: Ball
2-0: SINGLE (Groundball, 56D, EV 85.6 MPH) (infield hit)
George Moran scores
Chris Wagler to second
Batting: LHB Brad Gaskill 0-0: Grounds into double play, 6-4-3 (Groundball, 6MS, EV 82.5 MPH)
Bottom of the 2nd over - 1 run, 1 hit, 1 error, 1 left on base; Bowling Green 0 - West Michigan 1
TOP OF THE 3RD
Bowling Green Hot Rods batting - Pitching for West Michigan Whitecaps : RHP Jorge Castaneda
Batting: RHB Mick Corrigan 0-0: SINGLE (Line Drive, 56, EV 96.2 MPH)
Batting: RHB Dusty Camelli 0-0: Swinging Strike
0-1: Called Strike
0-2: Foul Ball, location: 2F
0-2: Ball
1-2: Ball
2-2: Strikes out looking
Batting: RHB Chris Thorson 0-0: Ball
1-0: Ball
2-0: Ball
3-0: Called Strike
3-1: Swinging Strike
3-2: Strikes out looking
Batting: LHB Harris Vink 0-0: Foul Ball, location: 2F
0-1: Called Strike
0-2: DOUBLE (Line Drive, 9LS, EV 102.5 MPH)
Mick Corrigan to third
Batting: LHB Darryl Gonnella 0-0: Ground out 1-3 (Groundball, 34S, EV 62.5 MPH)
Top of the 3rd over - 0 runs, 2 hits, 0 errors, 2 left on base; Bowling Green 0 - West Michigan 1
BOTTOM OF THE 3RD
West Michigan Whitecaps batting - Pitching for Bowling Green Hot Rods : LHP Chris Polite
Batting: RHB Khalil Coleman 0-0: Called Strike
0-1: Ground out 6-3 (Groundball, 6D, EV 100.6 MPH)
Batting: RHB Brandon O'Malley 0-0: Called Strike
0-1: Ball
1-1: Fly out, F7 (Flyball, 78M, EV 91.9 MPH)
Batting: SHB Willie Medina 0-0: Ball
1-0: Ball
2-0: SINGLE (Groundball, 4S, EV 70.0 MPH) (infield hit)
Batting: RHB Jon Goldstein 0-0: Called Strike
Willie Medina steals 2nd base
0-1: Ground out 6-3 (Groundball, 6, EV 87.5 MPH)
Bottom of the 3rd over - 0 runs, 1 hit, 0 errors, 1 left on base; Bowling Green 0 - West Michigan 1
TOP OF THE 4TH
Bowling Green Hot Rods batting - Pitching for West Michigan Whitecaps : RHP Jorge Castaneda
Batting: RHB Sesto Carpini 0-0: Ball
1-0: Fly out, F6 (Flyball, 6D, EV 88.8 MPH)
Batting: RHB Adam Kaeser 0-0: Ball
1-0: Called Strike
1-1: Ground out 6-3 (Groundball, 6M, EV 108.1 MPH)
Batting: RHB Eric Waugaman 0-0: Ball
1-0: Ground out 5-3 (Groundball, 5, EV 91.9 MPH)
Top of the 4th over - 0 runs, 0 hits, 0 errors, 0 left on base; Bowling Green 0 - West Michigan 1
BOTTOM OF THE 4TH
West Michigan Whitecaps batting - Pitching for Bowling Green Hot Rods : LHP Chris Polite
Batting: LHB George Moran 0-0: Called Strike
0-1: Ball
1-1: Ball
2-1: DOUBLE (Line Drive, 89XD, EV 111.9 MPH)
Batting: RHB Mike Sebastian 0-0: Called Strike
0-1: Called Strike
0-2: Ball
1-2: Fly out, F4 (Flyball, 34D, EV 93.8 MPH)
Batting: SHB Chris Wagler 0-0: Ball
1-0: Ball
2-0: Ball
3-0: Called Strike
3-1: Fly out, F9 (Flyball, 9LS, EV 88.8 MPH)
Batting: RHB Jamie Villagrana 0-0: Ball
1-0: Ball
2-0: Called Strike
2-1: Swinging Strike
2-2: Strikes out swinging
Bottom of the 4th over - 0 runs, 1 hit, 0 errors, 1 left on base; Bowling Green 0 - West Michigan 1
TOP OF THE 5TH
Bowling Green Hot Rods batting - Pitching for West Michigan Whitecaps : RHP Jorge Castaneda
Batting: LHB Jeremy Burton 0-0: Ball
1-0: Called Strike
1-1: Ground out 4-3 (Groundball, 4, EV 86.9 MPH)
Batting: RHB Mick Corrigan 0-0: Ball
1-0: Foul Ball, location: 2F
1-1: Ball
2-1: Ball
3-1: Base on Balls
Batting: RHB Dusty Camelli 0-0: Called Strike
0-1: Swinging Strike
0-2: Fielders Choice at 2nd, 6-4 (Groundball, 56, EV 106.9 MPH)
Batting: RHB Chris Thorson 0-0: Ball
1-0: Called Strike
1-1: Ball
2-1: DOUBLE (Groundball, 5L, EV 101.9 MPH)
Dusty Camelli to third
Batting: LHB Harris Vink 0-0: Ball
1-0: Ball
2-0: Foul Ball, location: 2F
2-1: Ball
3-1: Called Strike
3-2: Strikes out looking
Top of the 5th over - 0 runs, 1 hit, 0 errors, 2 left on base; Bowling Green 0 - West Michigan 1
BOTTOM OF THE 5TH
West Michigan Whitecaps batting - Pitching for Bowling Green Hot Rods : LHP Chris Polite
Batting: LHB Brad Gaskill 0-0: Called Strike
0-1: Swinging Strike
0-2: Ground out 6-3 (Groundball, 6, EV 86.9 MPH)
Batting: RHB Khalil Coleman 0-0: Ball
1-0: Swinging Strike
1-1: Ball
2-1: Ball
3-1: Swinging Strike
3-2: Ground out 4-3 (Groundball, 4, EV 87.5 MPH)
Batting: RHB Brandon O'Malley 0-0: Ball
1-0: Ground out 6-3 (Groundball, 6, EV 90.6 MPH)
Bottom of the 5th over - 0 runs, 0 hits, 0 errors, 0 left on base; Bowling Green 0 - West Michigan 1
TOP OF THE 6TH
Bowling Green Hot Rods batting - Pitching for West Michigan Whitecaps : RHP Jorge Castaneda
Batting: LHB Darryl Gonnella 0-0: Called Strike
0-1: Foul Ball, location: 2F
0-2: Reached on error, E3 (Groundball, 34, EV 90.6 MPH)
Batting: RHB Sesto Carpini 0-0: Called Strike
0-1: Ball
1-1: Ball
2-1: DOUBLE (Groundball, 3L, EV 107.5 MPH)
Darryl Gonnella to third
Runner from 3rd tries for Home, SAFE, throw by RF to trailing runner, SAFE at third!
Batting: RHB Adam Kaeser 0-0: Ball
1-0: Called Strike
1-1: Ball
2-1: Foul Ball, location: 2F
2-2: Ball
3-2: Foul Ball, location: 2F
3-2: Foul Ball, location: 2F
3-2: Ground out 6-3 (Groundball, 15, EV 85.6 MPH)
Batting: RHB Eric Waugaman 0-0: Called Strike
0-1: Ball
1-1: Ball
2-1: Ball
3-1: Base on Balls
Batting: LHB Jeremy Burton 0-0: Ball
1-0: Ball
2-0: Grounds into double play, 4-6-3 (Groundball, 4, EV 78.1 MPH)
Top of the 6th over - 1 run, 1 hit, 1 error, 1 left on base; Bowling Green 1 - West Michigan 1
BOTTOM OF THE 6TH
West Michigan Whitecaps batting - Pitching for Bowling Green Hot Rods : LHP Chris Polite
Batting: SHB Willie Medina 0-0: Ball
1-0: Called Strike
1-1: Ball
2-1: Called Strike
2-2: Foul Ball, location: 2F
2-2: Fly out, F8 (Line Drive, 8RM, EV 94.4 MPH)
Batting: RHB Jon Goldstein 0-0: Fly out, F9 (Line Drive, 89M, EV 96.2 MPH)
Batting: LHB George Moran 0-0: Called Strike
0-1: Called Strike
0-2: Ball
1-2: Ball
2-2: Ball
3-2: Foul Ball, location: 2F
3-2: Ground out 4-3 (Groundball, 4M, EV 88.8 MPH)
Bottom of the 6th over - 0 runs, 0 hits, 0 errors, 0 left on base; Bowling Green 1 - West Michigan 1
TOP OF THE 7TH
Bowling Green Hot Rods batting - Pitching for West Michigan Whitecaps : RHP Jorge Castaneda
Batting: RHB Mick Corrigan 0-0: Ball
1-0: Foul Ball, location: 2F
1-1: Ball
2-1: Foul Ball, location: 2F
2-2: Ball
3-2: Foul Ball, location: 2F
3-2: Ground out 1-3 (Groundball, 13, EV 73.8 MPH)
Pitching: RHP Dan Keener
Batting: RHB Dusty Camelli 0-0: Called Strike
0-1: Ball
1-1: Called Strike
1-2: Strikes out swinging
Batting: RHB Chris Thorson 0-0: Called Strike
0-1: Swinging Strike
0-2: Foul Ball, location: 2F
0-2: Ball
1-2: Ball
2-2: Ball
3-2: Strikes out swinging
Top of the 7th over - 0 runs, 0 hits, 0 errors, 0 left on base; Bowling Green 1 - West Michigan 1
BOTTOM OF THE 7TH
West Michigan Whitecaps batting - Pitching for Bowling Green Hot Rods : LHP Chris Polite
Batting: RHB Mike Sebastian 0-0: Called Strike
0-1: Ball
1-1: Ball
2-1: Ball
3-1: Base on Balls
Batting: SHB Chris Wagler 0-0: Ball
Mike Sebastian steals 2nd, throwing error, E2
Mike Sebastian to third
1-0: Ball
2-0: Called Strike
2-1: Ball
3-1: Base on Balls
Batting: RHB Jamie Villagrana 0-0: Called Strike
0-1: Called Strike
0-2: Ball
1-2: SINGLE (Groundball, 4MD, EV 99.4 MPH)
Mike Sebastian scores
Chris Wagler to second
Batting: LHB Brad Gaskill 0-0: Ball
1-0: Fly out, F8 (Flyball, 89S, EV 88.8 MPH)
Batting: RHB Khalil Coleman 0-0: Called Strike
0-1: Swinging Strike
0-2: Ball
1-2: Strikes out swinging
Batting: RHB Brandon O'Malley 0-0: Fly out, F4 (Popup, 4MD, EV 59.4 MPH)
Bottom of the 7th over - 1 run, 1 hit, 1 error, 2 left on base; Bowling Green 1 - West Michigan 2
TOP OF THE 8TH
Bowling Green Hot Rods batting - Pitching for West Michigan Whitecaps : RHP Dan Keener
Batting: LHB Harris Vink 0-0: Ball
1-0: Swinging Strike
1-1: Called Strike
1-2: Ball
2-2: Fly out, F4 (Popup, 4D, EV 51.2 MPH)
Batting: LHB Darryl Gonnella 0-0: Ball
1-0: Foul Ball, location: 2F
1-1: Foul Ball, location: 2F
1-2: Foul Ball, location: 2F
1-2: SINGLE (Groundball, 4MD, EV 95.0 MPH)
Batting: RHB Sesto Carpini 0-0: Called Strike
0-1: Ball
1-1: Foul Ball, location: 2F
1-2: Ball
2-2: Ball
3-2: Hit by Pitch
Darryl Gonnella to second
Batting: RHB Adam Kaeser 0-0: Foul Ball, location: 2F
0-1: Ball
1-1: Ball
2-1: SINGLE (Groundball, 6MD, EV 104.4 MPH)
Darryl Gonnella to third
Sesto Carpini to second
Runner from 3rd tries for Home, SAFE, throw by CF to home
Pitching: RHP Juan Murillo
Batting: RHB Eric Waugaman 0-0: Bunt missed!
0-1: Sac Bunt to 13 - play at third, runner OUT! 1-5
Adam Kaeser to second
Pinch Runner at 2nd Jimmy Detrie:
Batting: LHB Jeremy Burton 0-0: Called Strike
0-1: Ball
1-1: Foul Ball, location: 2F
1-2: Ground out 6-3 (Groundball, 6S, EV 69.4 MPH)
Top of the 8th over - 1 run, 2 hits, 0 errors, 2 left on base; Bowling Green 2 - West Michigan 2
BOTTOM OF THE 8TH
West Michigan Whitecaps batting - Pitching for Bowling Green Hot Rods : LHP Chris Polite
Batting: SHB Willie Medina 0-0: Called Strike
0-1: Foul Ball, location: 2F
0-2: Ball
1-2: Strikes out looking
Pitching: LHP Parker Martinet
Batting: RHB Jon Goldstein 0-0: DOUBLE (Flyball, 89D, EV 102.5 MPH)
Batting: LHB George Moran 0-0: Foul Ball, location: 2F
0-1: Swinging Strike
0-2: Strikes out swinging
Batting: RHB Mike Sebastian 0-0: Ball
1-0: Ball
2-0: Swinging Strike
2-1: Fly out, F8 (Flyball, 8RM, EV 91.2 MPH)
Bottom of the 8th over - 0 runs, 1 hit, 0 errors, 1 left on base; Bowling Green 2 - West Michigan 2
TOP OF THE 9TH
Bowling Green Hot Rods batting - Pitching for West Michigan Whitecaps : RHP Juan Murillo
Batting: RHB Mick Corrigan 0-0: Ball
1-0: Foul Ball, location: 2F
1-1: Ball
2-1: Foul Ball, location: 2F
2-2: Ball
3-2: Fly out, F8 (Flyball, 8LXD, EV 92.5 MPH)
Batting: RHB Dusty Camelli 0-0: Ball
1-0: Swinging Strike
1-1: Called Strike
1-2: Ball
2-2: Strikes out swinging
Batting: RHB Chris Thorson 0-0: Ball
1-0: Ball
2-0: Ball
3-0: Base on Balls
Batting: LHB Harris Vink 0-0: Ball
1-0: Ball
2-0: Called Strike
2-1: SINGLE (Flyball, 7LS, EV 91.9 MPH)
Chris Thorson to second
Batting: LHB Darryl Gonnella 0-0: Ball
1-0: Fly out, F8 (Flyball, 8LD, EV 101.2 MPH)
Top of the 9th over - 0 runs, 1 hit, 0 errors, 2 left on base; Bowling Green 2 - West Michigan 2
BOTTOM OF THE 9TH
West Michigan Whitecaps batting - Pitching for Bowling Green Hot Rods : LHP Parker Martinet
Pitching: RHP Cody Wilharm
Batting: SHB Chris Wagler 0-0: Reached on error, E4 (Groundball, 4, EV 88.8 MPH)
Batting: RHB Jamie Villagrana 0-0: Ball
1-0: Fly out, F5 (Popup, 25, EV 84.4 MPH)
Batting: LHB Brad Gaskill 0-0: Intentional Walk
Pinch Hitting: LHB Steve Herrera 0-0: Ball
1-0: Swinging Strike
1-1: Foul Ball, location: 2F
1-2: Strikes out swinging
Batting: RHB Brandon O'Malley 0-0: Ball
1-0: Foul Ball, location: 2F
1-1: Foul Ball, location: 2F
1-2: Foul Ball, location: 2F
1-2: Ball
2-2: Strikes out swinging
Bottom of the 9th over - 0 runs, 0 hits, 1 error, 2 left on base; Bowling Green 2 - West Michigan 2
TOP OF THE 10TH
Bowling Green Hot Rods batting - Pitching for West Michigan Whitecaps : RHP Juan Murillo
Now at C: Ernst Meloche
Batting: RHB Sesto Carpini 0-0: Ball
1-0: Ball
2-0: Foul Ball, location: 2F
2-1: SINGLE (Line Drive, 9S, EV 92.5 MPH)
Batting: LHB Jimmy Detrie 0-0: Called Strike
0-1: Foul Ball, location: 2F
0-2: Foul Ball, location: 2F
0-2: Foul Ball, location: 2F
0-2: Ball
1-2: Fielders Choice at 2nd, 6-4 (Groundball, 6, EV 88.8 MPH)
Pitching: RHP Jerome Stady
Batting: RHB Eric Waugaman 0-0: Fly out, F8 (Flyball, 8LS, EV 90.0 MPH)
Batting: LHB Jeremy Burton 0-0: Swinging Strike
0-1: Ball
1-1: Foul Ball, location: 2F
1-2: Ball
2-2: Foul Ball, location: 2F
2-2: Strikes out swinging
Top of the 10th over - 0 runs, 1 hit, 0 errors, 1 left on base; Bowling Green 2 - West Michigan 2
BOTTOM OF THE 10TH
West Michigan Whitecaps batting - Pitching for Bowling Green Hot Rods : RHP Cody Wilharm
Batting: SHB Willie Medina 0-0: Ball
1-0: Ball
2-0: Called Strike
2-1: Foul Ball, location: 2F
2-2: Fly out, F7 (Line Drive, 7LM, EV 106.2 MPH)
Batting: RHB Jon Goldstein 0-0: Ball
1-0: Fly out, F8 (Flyball, 8RM, EV 93.1 MPH)
Batting: LHB George Moran 0-0: Swinging Strike
0-1: Ball
1-1: Called Strike
1-2: Strikes out looking
Bottom of the 10th over - 0 runs, 0 hits, 0 errors, 0 left on base; Bowling Green 2 - West Michigan 2
TOP OF THE 11TH
Bowling Green Hot Rods batting - Pitching for West Michigan Whitecaps : RHP Jerome Stady
Batting: RHB Mick Corrigan 0-0: Ball
1-0: Called Strike
1-1: Ball
2-1: Swinging Strike
2-2: Ball
3-2: Ground out 6-3 (Groundball, 6MD, EV 83.8 MPH)
Batting: RHB Dusty Camelli 0-0: Called Strike
0-1: Ground out 5-3 (Groundball, 5L, EV 77.5 MPH)
Batting: RHB Chris Thorson 0-0: Ball
1-0: Foul Ball, location: 2F
1-1: Foul Ball, location: 2F
1-2: DOUBLE (Flyball, 8LXD, EV 105.6 MPH)
Batting: LHB Harris Vink 0-0: Ball
1-0: Swinging Strike
1-1: Foul Ball, location: 2F
1-2: Foul Ball, location: 2F
1-2: Ground out 6-3 (Groundball, P, EV 83.1 MPH)
Top of the 11th over - 0 runs, 1 hit, 0 errors, 1 left on base; Bowling Green 2 - West Michigan 2
BOTTOM OF THE 11TH
West Michigan Whitecaps batting - Pitching for Bowling Green Hot Rods : RHP Cody Wilharm
Batting: RHB Mike Sebastian 0-0: Ball
1-0: Called Strike
1-1: Ground out 6-3 (Groundball, 6, EV 86.9 MPH)
Batting: SHB Chris Wagler 0-0: Ball
1-0: Called Strike
1-1: Ball
2-1: Called Strike
2-2: SOLO HOME RUN (Flyball, 89XD, EV 103.1 MPH), Distance : 405 ft
Bottom of the 11th over - 1 run, 1 hit, 0 errors, 0 left on base; Bowling Green 2 - West Michigan 3
Tuesday, September 13th , 2022 - OOTP Baseball 23.7 Build 88